 Dungeon Crawl Stone Soup version 0.20-a0-492-g6327889 (webtiles) character file.

2751 terra52 the Archer (level 9, -19/74 HPs)
             Began as a Centaur Hunter on Jan 16, 2017.
             Was an Elder of Ru.
             Demolished by a two-headed ogre
             ... wielding a +0 giant club
              (20 damage)
             ... on level 8 of the Dungeon.
             The game lasted 00:26:13 (7625 turns).

terra52 the Archer (Centaur Hunter)                 Turns: 7625, Time: 00:26:13

Health: -19/74     AC:  9    Str: 18    XL:     9   Next: 41%
Magic:  5/9        EV:  9    Int: 10    God:    Ru [****..]
Gold:   408        SH:  0    Dex: 10    Spells: 8/8 levels left

rFire    + . .     SeeInvis .   a - +2 shortbow
rCold    x . .     Gourm    .   n - +2 robe {rF+}
rNeg     . . .     Faith    .   (shield currently unavailable)
rPois    .         Spirit   .   (no helmet)
rElec    .         Reflect  .   i - +1 cloak
rCorr    .         Harm     .   t - +0 pair of gloves
MR       .....                  (no barding)
Stlth    ++........             H - amulet of rage
Regen    0.2/turn               B - ring of protection from fire
                                K - ring of stealth

@: exhausted, extremely horrified, very quick
A: hooves 3, deformed body, speed 2, tough skin 3, cowardly, temperature
sensitive
a: Draw Out Power, Power Leap, Renounce Religion, Evoke Berserk Rage


You were on level 8 of the Dungeon.
You worshipped Ru.
Ru was greatly pleased with you.
You were not hungry.

You visited 2 branches of the dungeon, and saw 9 of its levels.
You also visited: Ossuary.

You collected 408 gold pieces.

Inventory:

Hand Weapons
 a - a +2 shortbow (weapon)
 b - a +0 short sword
 e - a +2 halberd of venom
Missiles
 d - 41 arrows (quivered)
Armour
 c - a +0 leather armour
 i - a +1 cloak (worn)
 n - a +2 robe of fire resistance (worn)
 t - a +0 pair of gloves (worn)
 v - a +3 ring mail
Jewellery
 B - a ring of protection from fire (right hand)
 H - an amulet of rage (around neck)
 K - a ring of stealth (left hand)
Wands
 G - a wand of confusion (14/48)
 L - a wand of paralysis (16/24)
Scrolls
 p - a scroll of immolation {unknown}
 q - 4 scrolls of blinking
 r - 3 scrolls of enchant weapon
 s - 5 scrolls of identify
 u - 2 scrolls of remove curse
 w - 3 scrolls of teleportation {unknown}
 y - a scroll of recharging
Potions
 g - 3 potions of magic
 j - 4 potions of curing
 l - 2 potions of resistance {unknown}
 o - 3 potions of haste
 x - a potion of degeneration {unknown}
 z - a potion of berserk rage {unknown}
 A - 5 potions of flight {unknown}
 C - a potion of brilliance {unknown}
 D - a potion of lignification {unknown}
 E - a potion of heal wounds
 I - a potion of mutation {unknown}
Comestibles
 f - 4 bread rations
 h - 7 meat rations
 k - a beef jerky
 m - 2 royal jellies
 J - 3 fruits


   Skills:
 + Level 5.5 Fighting
 - Level 4.6 Polearms
 + Level 14.1 Bows
 - Level 1.3 Dodging
 - Level 0.4 Stealth


You had 8 spell levels left.
You didn't know any spells.

Dungeon Overview and Level Annotations

Branches:
Dungeon (8/15)             Temple (1/1) D:5            Lair (0/6) D:8

Altars:
Ashenzari
Cheibriados
Dithmenos
Elyvilon
Fedhas
Gozag
Hepliaklqana
Kikubaaqudgha
Makhleb
Nemelex Xobeh
Okawaru
Qazlal
Ru
Sif Muna
Trog
Uskayaw
Vehumet
Xom
Yredelemnul
Zin
The Shining One

Shops:
D:4 (

Annotations:
D:7 1 runed door


Innate Abilities, Weirdness & Mutations

You have hooves in place of feet.
Armour fits poorly on your strangely shaped body.
You cover ground very quickly.
You have extremely tough skin. (AC +3)
Your cowardice makes you less effective in combat with threatening monsters.
You are sensitive to extremes of temperature. (rF-, rC-)


Message History

Aim: a two-headed ogre, wielding two giant clubs (almost dead)
You shoot an arrow.
The arrow hits the two-headed ogre but does no damage.
The two-headed ogre is almost dead.
Something hits you!
* * * LOW HITPOINT WARNING * * *
Firing (i - inventory):
d - 43 arrows (quivered)
Press: ? - help, Shift-Dir - straight line, f/p - two-headed ogre
Aim: a two-headed ogre, wielding two giant clubs (almost dead)
You shoot an arrow.
The arrow barely misses the two-headed ogre.
Firing (i - inventory):
d - 42 arrows (quivered)
Press: ? - help, Shift-Dir - straight line, f/p - two-headed ogre
Aim: a two-headed ogre, wielding two giant clubs (almost dead)
You shoot an arrow.
The arrow barely misses the two-headed ogre.
Something hits you.
* * * LOW HITPOINT WARNING * * *
The two-headed ogre hits you with a giant club!!
You die...

....##c(.(.((..(.....####.##.....
##....O......###(##.........#####
#..###......####K##.........## .
#..<.........((...........#
#....#######...K(.........#.#
#.### #####...(..........#.# ..
....................#.#### #
..#..#...O..######........
##.....@..######........
#####..................
###########........ #########


You could see a two-headed ogre, a big kobold and a kobold.

Vanquished Creatures
  Sigmund (D:4)
  Duvessa (D:5)
  An ice beast (D:6)
  A phantom (D:7)
  2 ogres
  2 centaurs (D:7)
  2 bullfrogs
  Blork the orc (D:6)
  Dowan (D:5)
  2 gnoll sergeants
  A water moccasin zombie (Ossuary)
  A scorpion (D:5)
  6 howler monkeys
  2 bullfrog zombies (D:5)
  4 crimson imps
  3 jellies (D:5)
  3 orc priests (D:6)
  4 hounds
  4 orc wizards (D:6)
  2 bullfrog skeletons
  An iguana (D:8)
  9 worker ants
  3 big kobold zombies (Ossuary)
  2 mummies (Ossuary)
  A howler monkey zombie (D:5)
  8 gnolls
  5 adders
  2 river rats (D:6)
  A shadow imp (D:8)
  2 oozes (D:4)
  8 adder zombies
  3 worms
  5 leopard geckos
  10 orcs
  6 bats
  8 giant cockroaches
  2 gnoll zombies (Ossuary)
  4 goblins
  2 hobgoblins
  5 jackals (D:1)
  5 quokkas
  3 ball pythons
  4 frilled lizards
  2 hobgoblin zombies (Ossuary)
  A jackal zombie (D:7)
  5 kobolds
  6 kobold zombies (Ossuary)
  3 orc zombies (Ossuary)
  A quokka skeleton (D:4)
  5 rats
166 creatures vanquished.

Vanquished Creatures (others)
  A gnoll zombie (Ossuary)
  A kobold zombie (Ossuary)
2 creatures vanquished.

Grand Total: 168 creatures vanquished

Notes
Turn   | Place    | Note
-------+----------+-------------------------------------------
     0 | D:1      | terra52 the Centaur Hunter began the quest for the Orb.
     0 | D:1      | Reached XP level 1. HP: 17/17 MP: 1/1
    63 | D:1      | Reached skill level 6 in Bows
    63 | D:1      | Reached XP level 2. HP: 24/24 MP: 2/2
   482 | D:1      | Reached XP level 3. HP: 25/29 MP: 3/3
   992 | D:2      | Found a deep blue altar of Sif Muna.
  1155 | D:2      | Reached skill level 7 in Bows
  1566 | D:3      | Reached XP level 4. HP: 19/36 MP: 4/4
  1875 | D:3      | You fall through a shaft for 3 floors!
  2077 | D:5      | Entered Level 5 of the Dungeon
  2093 | D:5      | Reached skill level 8 in Bows
  2115 | D:5      | Reached XP level 5. HP: 25/41 MP: 5/5
  2430 | D:5      | Reached skill level 9 in Bows
  2519 | D:5      | Reached XP level 6. HP: 17/48 MP: 6/6
  2654 | D:5      | Noticed Dowan
  2658 | D:5      | Noticed Duvessa
  2675 | D:5      | Killed Duvessa
  2675 | D:5      | Reached skill level 10 in Bows
  2682 | D:5      | Killed Dowan
  2960 | D:5      | Reached skill level 11 in Bows
  2960 | D:5      | Reached XP level 7. HP: 55/55 MP: 7/7
  3078 | D:5      | Found a staircase to the Ecumenical Temple.
  3082 | Temple   | Entered the Ecumenical Temple
  3164 | Temple   | Became a worshipper of Ru the Awakened
  3300 | D:4      | Found Emuprouf's Antique Weapon Shoppe.
  3391 | D:4      | Found a sand-covered staircase.
  3401 | Ossuary  | Entered an ossuary
  4070 | D:4      | Noticed Sigmund
  4083 | D:4      | Reached skill level 1 in Polearms
  4091 | D:4      | Killed Sigmund
  4091 | D:4      | Reached skill level 12 in Bows
  4322 | D:4      | Reached XP level 8. HP: 54/61 MP: 8/8
  4455 | D:4      | Found a snail-covered altar of Cheibriados.
  4456 | D:4      | Found a shadowy altar of Dithmenos.
  4576 | D:4      | Found a blossoming altar of Fedhas.
  4928 | D:5      | Found a glowing silver altar of Zin.
  5041 | D:6      | Gained mutation: Your cowardice makes you less effective in combat with threatening monsters. [Ru sacrifice]
  5041 | D:6      | Reached * piety under Ru
  5402 | D:6      | Noticed Blork the orc
  5411 | D:6      | Killed Blork the orc
  5411 | D:6      | Reached skill level 13 in Bows
  6355 | D:7      | Found a runed door.
  6391 | D:7      | Reached XP level 9. HP: 52/70 MP: 9/9
  6589 | D:7      | Noticed a sixfirhy
  6895 | D:7      | Reached skill level 5 in Fighting
  6896 | D:7      | Gained mutation: You are sensitive to extremes of temperature. (rF-, rC-) [Ru sacrifice]
  6896 | D:7      | Reached ** piety under Ru
  6896 | D:7      | Reached *** piety under Ru
  6896 | D:7      | Reached **** piety under Ru
  7241 | D:8      | Found a staircase to the Lair.
  7266 | D:8      | Reached skill level 14 in Bows
  7384 | D:8      | Noticed a two-headed ogre
  7609 | D:8      | Noticed an unseen horror
  7623 | D:8      | HP: 2/74 [something (7)]
  7625 | D:8      | Demolished by a two-headed ogre

Vault maps used:
D:1:      dpeg_arrival_round_c
D:2:      lemuel_blue_sif_altar
D:3:      first_bread
D:4:      fedhas_altar_3, grunt_temple_overflow_open, enter_ossuary_3,
          serial_shops, shop, grunt_ministairs_15, uniq_sigmund
D:5:      kennysheep_little_box, minmay_misc_feat_hallway, uniq_duvessa
D:6:      portal_sewer_entry_e, uniq_blork_the_orc
D:7:      cheibrodos_shockbox
D:8:      lair_entry_dummy, hangedman_pestilent_swarm, grunt_ministairs_8
Temple:   regret_index_temple_sphere_string
Ossuary:  ossuary_tomb_2

Skill      XL: |  1  2  3  4  5  6  7  8  9 |
---------------+----------------------------+-----
Bows           | 6 7 8 9 11 12 13 14 | 14.1
Polearms       | 2 4 |  4.6
Fighting       | 3 5 |  5.5
Dodging        | |  1.3
Stealth        | |  0.4

Action                   |  1- 3 |  4- 6 |  7- 9 || total
-------------------------+-------+-------+-------++-------
Melee: Halberd           |       |       |   176 ||   176
       Kick              |       |       |    28 ||    28
       Shortbow          |       |       |     1 ||     1
 Fire: Shortbow          |   130 |   141 |   302 ||   573
Invok: Sacrifice Courage |       |       |     1 ||     1
       Power Leap        |       |       |     3 ||     3
       Sacrifice Resista |       |       |     1 ||     1
  Use: Scroll            |     4 |     3 |     5 ||    12
       Potion            |       |     1 |     1 ||     2
  Eat: Chunk             |     1 |     3 |    11 ||    15
       Beef jerky        |       |       |     1 ||     1
Armor: Leather armour    |     8 |       |       ||     8
       Robe              |    21 |    43 |   147 ||   211
       Ring mail         |       |       |     5 ||     5
Dodge: Dodged            |    22 |    26 |   124 ||   172
